 Dungeon Crawl Stone Soup version 0.28.0 (webtiles) character file.

Game seed: 16088097371055612344

305869 SnakkuSnakku7 the Fencer (level 21, -12/201 HPs)
             Began as a Barachi Abyssal Knight on Feb 8, 2022.
             Was the Champion of Lugonu.
             Mangled by a vault warden (47 damage)
             ... on level 4 of the Vaults.
             The game lasted 01:12:38 (35298 turns).

SnakkuSnakku7 the Fencer (Barachi Abyssal Knight)  Turns: 35298, Time: 01:12:44

Health: -12/201    AC: 52    Str: 25    XL:     21   Next: 14%
Magic:  34/34      EV: 11    Int: 15    God:    Lugonu [******]
Gold:   3457       SH:  0    Dex: 13    Spells: 20/20 levels left

rFire   . . .      SeeInvis .   a - +4 great sword (freeze)
rCold   . . .      Faith    .   (shield currently unavailable)
rNeg    . . .      Spirit   .   V - +8 orange crystal plate armour {Archmagi, Int+3 Clar}
rPois   .          Reflect  .   L - +2 helmet
rElec   .          Harm     .   X - +2 cloak {Will+}
rCorr   .          Rampage  .   s - +0 pair of gloves "Ymnizydi" {Str+4 Dex-3 Slay+6}
Will    +++..      Archmagi +   W - +2 pair of boots {Stlth+}
Stlth   .......... Clarity  +   m - amulet of regeneration
HPRegen 2.03/turn               d - +4 ring of protection
MPRegen 0.24/turn               b - ring of willpower

@: about to teleport, slow
A: amphibious, slowness 1, strong legs 2, +LOS, regeneration 1, robust 1
}: 2/15 runes: decaying, gossamer
a: Hop, Renounce Religion, Depart the Abyss, Bend Space, Banish, Corrupt, Enter
the Abyss, Brand Weapon With Distortion


You were on level 4 of the Vaults.
You worshipped Lugonu.
Lugonu was exalted by your worship.
You visited 6 branches of the dungeon, and saw 35 of its levels.
You visited the Abyss 1 time.
You also visited: Gauntlet and Desolation.

You collected 4821 gold pieces.
You spent 1364 gold pieces at shops.

Inventory:

Hand Weapons
 a - a +4 great sword of freezing (weapon)
Missiles
 u - 2 throwing nets (quivered)
Armour
 s - the +0 pair of gloves "Ymnizydi" (worn) {Str+4 Dex-3 Slay+6}
   (You acquired it on level 7 of the Dungeon)

   Str:       It affects your strength (+4).
   Dex:       It affects your dexterity (-3).
   Slay:      It affects your accuracy & damage with ranged weapons and melee
   (+6).
 A - a +2 pair of gloves
 L - a +2 helmet (worn)
 V - the +8 orange crystal plate armour (worn) {Archmagi, Int+3 Clar}
   (You found it in the Desolation of Salt)

   Int:       It affects your intelligence (+3).
   Clar:      It protects you against confusion.
 W - a +2 pair of boots of stealth (worn)
 X - a +2 cloak of willpower (worn)
Jewellery
 b - a ring of willpower (right hand)
 d - a +4 ring of protection (left hand)
 f - a +6 ring of strength
 j - a ring of fire
 m - an amulet of regeneration (around neck)
 K - a ring of poison resistance
 Q - the ring "Pestrupta" {rC+ rCorr Int+4}
   (You found it on level 3 of the Spider Nest)

   [ring of resist corrosion]

   Int:       It affects your intelligence (+4).
   rC:        It protects you from cold.
   rCorr:     It protects you from acid and corrosion.
Wands
 k - a wand of iceblast (48)
 t - a wand of digging (17)
 w - a wand of mindburst (20)
 D - a wand of charming (10)
 G - a wand of paralysis (7)
 J - a wand of flame (7)
 S - a wand of acid (9)
 U - a wand of polymorph (12)
Scrolls
 g - 13 scrolls of teleportation
 o - 4 scrolls of fog
 r - 8 scrolls of immolation
 v - 13 scrolls of identify
 y - a scroll of silence
 B - 3 scrolls of brand weapon
 C - 7 scrolls of magic mapping
 E - 5 scrolls of blinking
 F - 4 scrolls of holy word
 I - a scroll of fear
 M - 6 scrolls of summoning
 R - 2 scrolls of enchant weapon
Potions
 c - 8 potions of brilliance
 h - 7 potions of curing
 i - 3 potions of flight
 l - 3 potions of magic
 n - 2 potions of might
 p - 3 potions of resistance
 q - 6 potions of attraction
 z - 3 potions of haste
 H - 8 potions of heal wounds
 N - 10 potions of ambrosia
 O - a potion of berserk rage
 T - a potion of invisibility
Miscellaneous
 e - a box of beasts
 P - a condenser vane (inert)


   Skills:
 - Level 20.0 Fighting
 - Level 20.0 Long Blades
 - Level 20.0 Armour
 - Level 12.8 Dodging
 + Level 18.6 Invocations
 - Level 10.0 Evocations


You had 20 spell levels left.
You didn't know any spells.
Your spell library contained the following spells:

 Spells                   Type           Power      Damage    Failure   Level
 Apportation              Tloc           0%         N/A       99%         1
 Foxfire                  Conj/Fire      0%         2x1d4     99%         1
 Magic Dart               Conj           0%         1d3       99%         1
 Pain                     Necr           0%         1d4       99%         1
 Sandblast                Erth           0%         2d4       99%         1
 Slow                     Hex            0%         N/A       99%         1
 Sting                    Tmut/Pois      0%         1d3       99%         1
 Summon Small Mammal      Summ           0%         N/A       99%         1
 Corpse Rot               Necr/Air       0%         N/A       99%         2
 Ensorcelled Hibernation  Hex/Ice        0%         N/A       99%         2
 Scorch                   Fire           0%         2d5       99%         2
 Searing Ray              Conj           0%         2d4       99%         2
 Static Discharge         Conj/Air       0%         N/A       99%         2
 Call Canine Familiar     Summ           0%         N/A       100%        3
 Confusing Touch          Hex            0%         N/A       100%        3
 Conjure Flame            Conj/Fire      0%         6-21      100%        3
 Inner Flame              Hex/Fire       0%         N/A       100%        3
 Spider Form              Tmut/Pois      0%         N/A       100%        3
 Stone Arrow              Conj/Erth      0%         3d7       100%        3
 Summon Guardian Golem    Hex/Summ       0%         N/A       100%        3
 Vampiric Draining        Necr           0%         2d6       100%        3
 Anguish                  Hex/Necr       0%         N/A       100%        4
 Animate Armour           Summ/Erth      0%         N/A       100%        4
 Animate Dead             Necr           0%         N/A       100%        4
 Flame Wave               Conj/Fire      0%         2d4       100%        4
 Fulminant Prism          Conj/Hex       0%         3d6       100%        4
 Leda's Liquefaction      Hex/Erth       0%         N/A       100%        4
 Petrify                  Tmut/Erth      0%         N/A       100%        4
 Agony                    Necr           0%         N/A       100%        5
 Alistair's Intoxication  Tmut/Pois      0%         N/A       100%        5
 Blade Hands              Tmut           0%         N/A       100%        5
 Borgnjor's Vile Clutch   Necr/Erth      0%         N/A       100%        5
 Excruciating Wounds      Necr           0%         N/A       100%        5
 Irradiate                Conj/Tmut      0%         3d13      100%        5
 Iskenderun's Battlesphe  Conj           0%         2d6       100%        5
 Lee's Rapid Deconstruct  Erth           0%         3d5*      100%        5
 Lightning Bolt           Conj/Air       0%         1d11      100%        5
 Death Channel            Necr           0%         N/A       100%        6
 Eringya's Noxious Bog    Tmut/Pois      0%         N/A       100%        6
 Iron Shot                Conj/Erth      0%         9d1       100%        6
 Statue Form              Tmut/Erth      0%         N/A       100%        6
 Dragon Form              Tmut           0%         N/A       100%        7
 Orb of Destruction       Conj           0%         9d5       100%        7
 Spellforged Servitor     Conj/Summ      0%         N/A       100%        7
 Maxwell's Capacitive Co  Air            0%         ∞         100%        8
 Fire Storm               Conj/Fire      0%         5d1       100%        9


Dungeon Overview and Level Annotations

Branches:
Dungeon (15/15)            Temple (0/1) D:6            Lair (6/6) D:8
  Swamp (4/4) Lair:2       Spider (4/4) Lair:3        Slime (0/5) Lair:5
    Orc (2/2) D:12            Elf (0/3) Orc:2        Vaults (3/5) D:13
 Depths (0/4) D:15        Desolation (visited)      Gauntlet (visited)
  Crypt: Vaults:2-3

Altars:
Elyvilon
Fedhas
Kikubaaqudgha
Okawaru
Ru
Trog
Uskayaw
Vehumet
Xom
Yredelemnul
The Shining One
Beogh

Shops:
D:4 *   D:8 **   Orc:1 [   Orc:2 :([[   Vaults:1 [   Vaults:3 *   Vaults:4 *

Portals:
Trove: D:12 (give +5 demon blade)


Innate Abilities, Weirdness & Mutations

You are amphibious.
You cover ground slowly.
You can hop long distances.
You have an extended range of vision and can be seen from far away.
Your natural rate of healing is unusually fast.
You are robust. (+10% HP)


Message History

The ironbound frostheart is heavily wounded.
The yaktaur hits you but does no damage.
The ironbound convoker closely misses you.
The ironbound frostheart calls freezing cold from the walls.
The frost grips you!
You are encased in ice.
The yaktaur barely misses you.
The vault warden hits you but does no damage.
You slash the ironbound frostheart! You freeze the ironbound frostheart.
The ironbound frostheart is severely wounded.
The yaktaur hits you.
You barely miss the ironbound frostheart.
The ironbound frostheart is severely wounded.
The ironbound convoker points at the vault warden and mumbles some strange words.
The vault warden seems to grow stronger.
The vault sentinel blows a loud note on a signal horn!
The ironbound frostheart touches you but does no damage.
The yaktaur closely misses you.
The vault warden hits you with a +0 great sword!
You barely miss the ironbound frostheart.
The ironbound frostheart is severely wounded.
The yaktaur hits you but does no damage.
The ironbound convoker hits you but does no damage.
The yaktaur hits you but does no damage.
The ironbound frostheart touches you but does no damage.
The vault warden hits you with a +0 great sword!!
You slash the ironbound frostheart! You freeze the ironbound frostheart.
The ironbound frostheart is almost dead.
The yaktaur hits you but does no damage.
The ironbound convoker hits you with a +0 dire flail.
The vault sentinel blows a loud note on a signal horn!
Unknown command.
As you read the scroll of teleportation, it crumbles to dust.
You feel strangely unstable. The ice encasing you melts away.
The ironbound frostheart touches you! The ironbound frostheart freezes you!!
* * * LOW HITPOINT WARNING * * *
The yaktaur barely misses you.
The vault warden hits you with a +0 great sword!!!
You die...

#....# ###..#
..#..#
##########
..#..#
#.........
..'..#
########.......>
..'..#
#......#.....#
..#..#
#......#.....#
..#..#
#......+cc...#
..####
#......#@pc..#
....#
#......#ppc.^#
....#
#.)....#c....#
#####
###+######p....#
.# #...#
#..).... .#
#...# #.........
## #...#
##########
#####[#####
#.....)...#
#########


You could see a vault warden (strong), a yaktaur captain, an ironbound
frostheart, a vault sentinel (catching breath), an ironbound convoker and 4
yaktaurs.

Vanquished Creatures
  Saint Roka (Vaults:4)
  3 tentacled monstrosities
  2 liches
  Mlioglotl (Spider:1)
  A titan (Vaults:2)
  A sphinx (Vaults:4)
  3 tengu reavers (Vaults:2)
  Kirke (Lair:4)
  Roxanne (Spider:4)
  A storm dragon (Vaults:2)
  A fire giant (Vaults:3)
  A nagaraja (Vaults:2)
  9 emperor scorpions
  9 vault wardens
  3 ghost moths (Spider:4)
  An orc warlord (Vaults:1)
  5 imperial myrmidons (Desolation)
  Aizul (Swamp:2)
  11 ironbound preservers
  A broodmother (Spider:3)
  A very ugly thing (Vaults:2)
  4 stone giants
  6 eleionomae
  4 ironbound thunderhulks
  7 dire elephants
  7 entropy weavers
  A halazid warlock (Desolation)
  A deep elf annihilator (Vaults:1)
  A minotaur (Gauntlet)
  Azrael (Spider:1)
  A bunyip (Swamp:4)
  2 spark wasps
  A crystal guardian (Desolation)
  A deep elf death mage (Vaults:2)
  An ettin (Vaults:2)
  3 great orbs of eyes
  3 fire dragons (Swamp:4)
  8 ragged hierophants (Desolation)
  A shambling mangrove (Swamp:4)
  An ice dragon (Lair:6)
  10 yaktaur captains
  10 vault guards
  26 hydras
  4 servants of whispers (Desolation)
  A jorogumo (Spider:3)
  A boulder beetle (Spider:4)
  A peacekeeper (Vaults:2)
  5 ironbound frosthearts
  A catoblepas (Gauntlet)
  3 ghost crabs
  An ogre mage (D:14)
  A spriggan air mage (Swamp:4)
  19 centaur warriors
  A hell hog (Gauntlet)
  7 two-headed ogres
  3 tengu warriors
  9 alligators
  A death yak (Lair:5)
  3 orc high priests (Orc:2)
  The ghost of trckry the Destroyer, a novice DrCj of Sif Muna (D:9)
  A hell knight (D:15)
  Urug (Lair:5)
  2 fire crabs
  A shadow wraith (Vaults:2)
  A sixfirhy (Gauntlet)
  4 pharaoh ants
  9 swamp dragons
  6 goliath frogs
  2 spriggan druids (Swamp:2)
  2 sun moths (Spider:1)
  30 deep trolls
  A steelbarb worm (Spider:1)
  8 orb spiders
  A deep elf archer (D:13)
  4 necromancers
  12 lindwurms
  3 glowing orange brains (Vaults:2)
  8 orc knights
  2 phantasmal warriors (Vaults:2)
  3 wizards
  12 ironbound convokers
  2 will-o-the-wisps
  4 deep elf pyromancers
  4 orc sorcerers (Orc:2)
  21 wolf spiders
  2 manticores
  3 cyclopes
  12 ugly things
  3 moths of wrath
  A salamander (shapeshifter) (D:14)
  9 black mambas
  20 elephants
  5 guardian serpents
  17 vault sentinels
  A guardian serpent (shapeshifter) (D:15)
  Maurice (Orc:1)
  13 cane toads
  6 torpor snails
  7 demonic crawlers
  5 gargoyles
  2 rime drakes
  An unseen horror (D:12)
  2 kobold demonologists (D:13)
  3 molten gargoyles
  A tengu conjurer (Gauntlet)
  31 yaktaurs
  A rime drake (shapeshifter) (D:14)
  7 komodo dragons
  A queen bee (Spider:4)
  22 meliai
  6 trolls
  12 tyrant leeches
  2 polar bears
  23 tarantellas
  18 hornets
  21 blink frogs
  A wolf spider simulacrum (D:9)
  31 slime creatures
  31 saltlings (Desolation)
  2 bloated husks
  18 dream sheep
  32 jumping spiders
  18 culicivoras
  A vampire (D:5)
  Sigmund (D:5)
  10 spriggans
  5 hogs
  4 wraiths
  2 shadows
  3 fire elementals (Spider:1)
  50 yaks
  12 wyverns
  4 fire bats (Gauntlet)
  3 basilisks
  9 steam dragons
  24 vampire mosquitoes
  An elf simulacrum (Vaults:3)
  41 redbacks
  2 wargs
  Menkaure (D:5)
  2 large abominations (Gauntlet)
  18 swamp worms
  23 water moccasins
  4 hell hounds
  An acid dragon (D:11)
  11 swamp drakes
  7 ice beasts (D:9)
  19 orc warriors
  A black bear (D:6)
  2 sky beasts
  A necrophage (D:4)
  A boggart (D:13)
  6 ogres
  14 centaurs
  11 wolves
  8 kobold brigands
  4 small abominations (Gauntlet)
  2 human zombies (Vaults:3)
  A phantom (D:6)
  3 wyvern zombies
  11 bullfrogs
  5 scorpions
  38 killer bees
  3 wights (D:9)
  2 howler monkeys
  2 bullfrog zombies
  A lava snake (Swamp:4)
  4 centaur zombies
  3 hounds
  A jelly (D:7)
  16 orc priests
  3 gnoll shamans
  A centaur skeleton (D:4)
  2 bullfrog skeletons
  An iguana (D:5)
  15 orc wizards
  2 killer bee zombies
  A centaur simulacrum (D:9)
  The ghost of danielguo94 the Shield-Bearer, a weakling GrFi (D:4)
  A hound skeleton (D:4)
  13 gnolls
  4 adders
  A shadow imp (D:6)
  3 white imps
  A howler monkey simulacrum (D:9)
  4 ufetubi (Gauntlet)
  5 worms
  2 dart slugs
  55 orcs
  6 bats
  7 endoplasms
  5 giant cockroaches
  6 hobgoblins
  18 kobolds
  4 quokkas
  8 ball pythons
  2 frilled lizards
  5 goblins
  9 rats
1338 creatures vanquished.

Vanquished Creatures (collateral kills)
  Joseph (D:7)
1 creature vanquished.

Vanquished Creatures (others)
  A ragged hierophant (Desolation)
  A servant of whispers (Desolation)
  A peacekeeper (Desolation)
  An alligator (Swamp:4)
  A swamp dragon (Swamp:4)
  A wizard (Vaults:1)
  2 guardian serpents (Desolation)
  A tyrant leech (Swamp:1)
  8 bloated husks
  A tarantella (Spider:2)
  13 saltlings (Desolation)
  A redback (Spider:4)
  A vampire mosquito (Swamp:2)
  A swamp worm (Swamp:4)
  A swamp drake (Swamp:1)
  An orc priest (Orc:2)
  2 orc wizards
  3 orcs (D:7)
  A quokka (D:6)
  14 foxfires
  30 fungi
  66 plants
  6 starspawn tentacles (Desolation)
158 creatures vanquished.

Grand Total: 1497 creatures vanquished

Notes
Turn   | Place    | Note
-------+----------+-------------------------------------------
     0 | Abyss:1  | SnakkuSnakku7 the Barachi Abyssal Knight began the quest
                  | for the Orb.
     0 | Abyss:1  | Reached XP level 1. HP: 18/18 MP: 2/2
     2 | D:1      | Escaped the Abyss
   212 | D:1      | Reached XP level 2. HP: 24/24 MP: 3/3
   408 | D:1      | Reached * piety under Lugonu
   521 | D:1      | Found a faded altar of an unknown god.
   621 | D:1      | Reached XP level 3. HP: 23/29 MP: 4/4
  1155 | D:2      | Identified the +3 dagger of Ewatiat {protect, Will+}
  1444 | D:2      | Found a sacrificial altar of Ru.
  1465 | D:2      | Reached XP level 4. HP: 21/36 MP: 4/6
  2030 | D:3      | Reached ** piety under Lugonu
  2622 | D:4      | Reached XP level 5. HP: 41/41 MP: 7/7
  2638 | D:4      | Reached skill level 5 in Long Blades
  2714 | D:4      | Found a glowing golden altar of the Shining One.
  2727 | D:4      | Reached XP level 6. HP: 47/47 MP: 8/8
  2730 | D:4      | Noticed a necrophage
  2741 | D:4      | Killed a necrophage
  2883 | D:4      | Reached XP level 7. HP: 44/52 MP: 10/10
  2905 | D:4      | Found Ocou's General Store.
  2940 | D:4      | Bought a potion of heal wounds for 55 gold pieces
  2940 | D:4      | Bought a scroll of identify for 22 gold pieces
  3006 | D:4      | Reached skill level 5 in Invocations
  3028 | D:4      | Found a runed translucent gate.
  3028 | D:4      | Found a runed translucent gate.
  3028 | D:4      | Found a runed translucent gate.
  3029 | D:4      | Noticed danielguo94's ghost (weakling GrFi)
  3341 | D:5      | Entered Level 5 of the Dungeon
  3736 | D:5      | Noticed Sigmund
  3911 | D:5      | Killed Sigmund
  4121 | D:5      | Noticed Menkaure
  4131 | D:5      | Killed Menkaure
  4132 | D:5      | Reached XP level 8. HP: 52/59 MP: 12/12
  4764 | D:6      | Noticed a yak
  4782 | D:6      | Killed a yak
  4786 | D:6      | Noticed a yak
  4786 | D:6      | Noticed a yak
  4793 | D:6      | Noticed a yak
  4805 | D:5      | Killed a yak
  4827 | D:5      | Killed a yak
  4880 | D:5      | Killed a yak
  4881 | D:5      | Reached XP level 9. HP: 16/64 MP: 14/14
  4947 | D:5      | Reached skill level 10 in Long Blades
  5140 | D:6      | Found a white marble altar of Elyvilon.
  5210 | D:6      | Reached *** piety under Lugonu
  5603 | D:7      | Noticed Joseph
  5907 | D:6      | Found a staircase to the Ecumenical Temple.
  6457 | D:7      | HP: 2/64 [gnoll (4)]
  6463 | D:7      | HP: 1/64 [Joseph (5)]
  6464 | D:7      | Killed Joseph
  6828 | D:7      | Identified a scroll of acquirement
  6828 | D:7      | Acquired the +0 pair of gloves "Ymnizydi" {Str+4 Dex-3
                  | Slay+6}
  6865 | D:7      | Reached XP level 10. HP: 65/70 MP: 16/16
  7316 | D:8      | Reached **** piety under Lugonu
  7627 | D:8      | Found a hide-covered altar of Uskayaw.
  7639 | D:8      | Found an iron altar of Okawaru.
  7639 | D:8      | Found a shimmering altar of Xom.
  7641 | D:8      | Found an ancient bone altar of Kikubaaqudgha.
  7643 | D:8      | Found a blossoming altar of Fedhas.
  7644 | D:8      | Found a basalt altar of Yredelemnul.
  7727 | D:8      | Found Jotruaz's Specific Store.
  7728 | D:8      | Found Josse Nuar's General Store.
  7734 | D:8      | Bought a scroll of fog for 22 gold pieces
  7734 | D:8      | Bought a scroll of blinking for 82 gold pieces
  7734 | D:8      | Bought a scroll of identify for 22 gold pieces
  7742 | D:8      | Bought a wand of paralysis (4) for 66 gold pieces
  7817 | D:8      | Found a staircase to the Lair.
  7907 | D:8      | Reached skill level 5 in Fighting
  8622 | D:9      | Found a bloodstained altar of Trog.
  8632 | D:9      | Noticed a boulder beetle
  8981 | D:9      | Found a runed translucent gate.
  8982 | D:9      | Found a runed translucent gate.
  8982 | D:9      | Found a runed translucent gate.
  8999 | D:9      | Noticed trckry's ghost (novice DrCj)
  9014 | D:9      | Found a transporter.
  9115 | D:9      | Banished a boulder beetle
  9230 | D:9      | Found a transporter.
  9604 | D:9      | Reached XP level 11. HP: 89/89 MP: 17/17
  9667 | D:9      | Identified the +0 pair of boots "Xuisony" {Dex+2 Slay+2}
  9752 | D:10     | Entered Level 10 of the Dungeon
  9829 | D:10     | Noticed a two-headed ogre
  9844 | D:10     | Killed a two-headed ogre
  9845 | D:10     | Reached skill level 15 in Long Blades
 10179 | D:10     | Noticed a two-headed ogre
 10185 | D:10     | Killed a two-headed ogre
 10645 | D:4      | Killed danielguo94's ghost
 10778 | Lair:1   | Entered Level 1 of the Lair of Beasts
 11851 | Lair:1   | Reached XP level 12. HP: 80/95 MP: 18/18
 11942 | Lair:2   | Found a radiant altar of Vehumet.
 12115 | Lair:2   | Reached ***** piety under Lugonu
 12191 | Lair:2   | Found a staircase to the Swamp.
 12639 | Lair:3   | Found a hole to the Spider Nest.
 12650 | Lair:2   | Reached skill level 10 in Fighting
 12806 | Lair:3   | Noticed a five-headed hydra
 12811 | Lair:3   | Killed a two-headed hydra
 12942 | Lair:3   | Gained mutation: You can hop long distances. [Barachi
                  | growth]
 12942 | Lair:3   | Reached XP level 13. HP: 94/107 MP: 19/19
 13577 | Lair:4   | Noticed Kirke
 14453 | Lair:4   | Killed Kirke
 14454 | Lair:4   | Reached skill level 15 in Fighting
 14648 | Lair:5   | Found a staircase to the Slime Pits.
 14743 | Lair:5   | Noticed Urug
 14761 | Lair:5   | Killed Urug
 14762 | Lair:5   | Reached skill level 5 in Armour
 15313 | Lair:5   | Reached XP level 14. HP: 123/123 MP: 20/20
 15477 | Lair:6   | Entered Level 6 of the Lair of Beasts
 15544 | Lair:6   | Reached skill level 10 in Armour
 15547 | Lair:6   | Reached ****** piety under Lugonu
 16267 | Lair:6   | Found a runed translucent door.
 16681 | Lair:6   | Paralysed by a hornet for 3 turns
 16803 | Lair:6   | Reached skill level 15 in Armour
 17700 | D:12     | Reached XP level 15. HP: 97/129 MP: 21/21
 17739 | D:12     | Reached skill level 5 in Dodging
 17934 | D:12     | Found a staircase to the Orcish Mines.
 18245 | D:12     | Identified the +4 buckler "Owifuy" {Fly}
 18564 | D:12     | Found a portal to a secret trove of treasure.
 18798 | D:13     | Found a gate leading to a gauntlet.
 18808 | Gauntlet | Entered a Gauntlet
 18808 | Gauntlet | Found a transporter.
 18810 | Gauntlet | Found a transporter.
 18811 | Gauntlet | Found a transporter.
 18817 | Gauntlet | Found a transporter.
 18832 | Gauntlet | Found a transporter.
 18833 | Gauntlet | Found a transporter.
 18834 | Gauntlet | Found a transporter.
 18888 | Gauntlet | Found a transporter.
 18888 | Gauntlet | Found a transporter.
 18888 | Gauntlet | Found a transporter.
 18907 | Gauntlet | Found a transporter.
 18918 | Gauntlet | Found a transporter.
 18918 | Gauntlet | Found a transporter.
 18936 | Gauntlet | Found a transporter.
 18988 | Gauntlet | Identified the +4 glaive of Starshine {vorpal, Drain rPois
                  | rF- Dex+4}
 19009 | Gauntlet | Identified the ring "Erghuewn" {Int+2 Dex+6}
 19010 | Gauntlet | Got the Papyrus of Lethal Stones
 19500 | D:13     | Reached skill level 10 in Dodging
 19551 | D:13     | Found a gate to the Vaults.
 20510 | D:15     | Entered Level 15 of the Dungeon
 20635 | D:14     | Reached skill level 10 in Invocations
 20817 | D:15     | Found the +8 lance "Wyrmbane" {slay drac, rPois rF+ rC+
                  | AC+3}
 21018 | D:15     | Identified the +2 morningstar of Courage {vamp, +Blink
                  | rCorr}
 21057 | D:14     | Reached XP level 16. HP: 23/136 MP: 24/24
 21292 | D:15     | Found a staircase to the Depths.
 21472 | Orc:1    | Entered Level 1 of the Orcish Mines
 21663 | Orc:2    | Entered Level 2 of the Orcish Mines
 21834 | Orc:2    | Noticed Maurice
 21863 | Orc:1    | Killed Maurice
 22001 | Orc:2    | Found a staircase to the Elven Halls.
 22040 | Orc:1    | Found Qiuzxacu's Antique Armour Shoppe.
 22050 | Orc:1    | Bought a runed plate armour for 728 gold pieces
 22381 | Orc:2    | Found Masi's Armour Emporium.
 22397 | Orc:2    | Reached skill level 1 in Evocations
 22536 | Orc:2    | Gained mutation: You are frail. (-10% HP) [a neqoxec]
 22720 | Orc:2    | Found Agatusti's Book Emporium.
 22722 | Orc:2    | Found Niphir's Antique Armour Shop.
 22722 | Orc:2    | Found Umi Mofo's Antique Weapon Shop.
 22724 | Orc:2    | Lost mutation: You are frail. (-10% HP) [potion of
                  | mutation]
 22724 | Orc:2    | Gained mutation: Potions are less effective at restoring
                  | your health. [potion of mutation]
 22724 | Orc:2    | Gained mutation: You have a pair of small horns on your
                  | head. [potion of mutation]
 22725 | Orc:2    | Lost mutation: You have a pair of small horns on your head.
                  | [potion of mutation]
 22725 | Orc:2    | Lost mutation: Potions are less effective at restoring your
                  | health. [potion of mutation]
 22725 | Orc:2    | Gained mutation: You are clumsy. (Dex -2) [potion of
                  | mutation]
 22725 | Orc:2    | Gained mutation: Your body sometimes deteriorates upon
                  | taking damage. [potion of mutation]
 22725 | Orc:2    | Lost mutation: You are clumsy. (Dex -2) [potion of
                  | mutation]
 22725 | Orc:2    | Gained mutation: You have a pair of small antennae on your
                  | head. [potion of mutation]
 22726 | Orc:2    | Lost mutation: You have a pair of small antennae on your
                  | head. [potion of mutation]
 22726 | Orc:2    | Lost mutation: Your body sometimes deteriorates upon taking
                  | damage. [potion of mutation]
 22726 | Orc:2    | Gained mutation: Your natural rate of healing is unusually
                  | fast. [potion of mutation]
 22726 | Orc:2    | Gained mutation: You are robust. (+10% HP) [potion of
                  | mutation]
 22747 | Orc:2    | Bought a steaming helmet for 247 gold pieces
 22747 | Orc:2    | Identified the +1 helmet "Ukomnuaf" {+Blink} (You bought it
                  | in a shop on level 2 of the Orcish Mines)
 23139 | D:9      | Killed trckry's ghost
 23278 | Swamp:1  | Entered Level 1 of the Swamp
 23325 | Swamp:1  | Reached skill level 5 in Evocations
 23593 | Swamp:1  | Identified the +9 hand axe "Gokhlo Jolu" {flame, rN+}
 23654 | Swamp:1  | Noticed a tentacled monstrosity
 23676 | Swamp:1  | Killed a tentacled monstrosity
 24205 | Swamp:2  | Reached skill level 10 in Evocations
 24314 | Swamp:2  | Noticed Aizul
 24341 | Swamp:2  | Killed Aizul
 24550 | Swamp:3  | Reached XP level 17. HP: 126/157 MP: 26/26
 24656 | Swamp:3  | Noticed a tentacled monstrosity
 24665 | Swamp:3  | Killed a tentacled monstrosity
 25041 | Swamp:4  | Entered Level 4 of the Swamp
 25487 | Swamp:4  | Noticed a tentacled monstrosity
 25496 | Swamp:4  | Killed a tentacled monstrosity
 25863 | Swamp:4  | Got a decaying rune of Zot
 25960 | Spider:1 | Entered Level 1 of the Spider Nest
 26192 | Spider:1 | Noticed Mlioglotl
 26217 | Spider:1 | Killed Mlioglotl
 26418 | Spider:1 | Noticed Azrael
 26428 | Spider:1 | Killed Azrael
 26986 | Spider:2 | Reached XP level 18. HP: 70/178 MP: 27/27
 27720 | Spider:3 | Identified the ring "Pestrupta" {rC+ rCorr Int+4}
 28584 | Spider:4 | Entered Level 4 of the Spider Nest
 28962 | Spider:4 | Identified the +1 hat "Kays" {Str+6 Slay+2 Stlth-}
 28969 | Spider:4 | Got a gossamer rune of Zot
 29454 | Spider:4 | Identified Roxanne's Collected Works on Earth
 29454 | Spider:4 | Noticed Roxanne
 29487 | Spider:4 | Killed Roxanne
 30001 | Vaults:1 | Entered Level 1 of the Vaults
 30089 | Vaults:1 | Noticed a lich
 30122 | Vaults:1 | Reached XP level 19. HP: 108/185 MP: 28/28
 30269 | Vaults:1 | Found a crumbling gateway.
 30275 | Desolati | Entered the Desolation of Salt
 30408 | Desolati | Found the +8 orange crystal plate armour {Archmagi, Int+3
                  | Clar}
 30411 | Desolati | Found the +1 robe of Vines {NoPotionHeal Regen++++}
 30412 | Desolati | Identified the ring "Taatta" {Fly rC+ rN+}
 30416 | Desolati | Got the Catalogue of the Rocks and Transmutation
 30420 | Desolati | Identified the ring of Ibrobo {rPois rF- Int+9}
 30513 | Desolati | Got Sif Muna's Reference Book on the Displaced Birds
 30538 | Desolati | Identified the ring of Ithrab {Wiz *Corrode rN+++ Int+6}
 30751 | Desolati | Got the Reference Book on Ignition
 30784 | Desolati | Corrupted Desolation
 30796 | Desolati | Noticed a bone dragon
 31007 | Vaults:1 | Found Bonios's Armour Boutique.
 32495 | Vaults:2 | Reached XP level 20. HP: 193/193 MP: 31/31
 32700 | Vaults:2 | Reached skill level 15 in Invocations
 33358 | Vaults:2 | Identified the +8 quick blade "Zipnaonu" {flame, rC+ Will+
                  | rCorr Stlth-}
 33422 | Vaults:2 | Identified the +8 battleaxe "Jypigor" {vorpal, rF- Str+3
                  | Int+4}
 34327 | Vaults:3 | Found Ycue's General Store.
 34332 | Vaults:3 | Bought a potion of resistance for 120 gold pieces
 34446 | Vaults:3 | You fall into a shaft and drop 1 floor!
 34446 | Vaults:4 | Found Fyfary's General Store.
 34515 | Vaults:4 | Noticed Saint Roka
 34535 | Vaults:4 | Killed Saint Roka
 34934 | Vaults:4 | Reached XP level 21. HP: 201/201 MP: 34/34
 35298 | Vaults:4 | Mangled by a vault warden

Illustrated notes

Levels and vault maps discovered:
D:1:      lightli_iron_boxes, layout_loops_corners,
          nicolae_ecumenical_snake_handling, supply_closet_lemuel
D:2:      layout_rooms, basic_altar
D:3:      layout_basic, hex_tiny
D:4:      layout_basic, mainiacjoe_overflow_24_doors,
          gammafunk_ghost_necromancy, serial_shops, nicolae_shop_stone
D:5:      layout_basic, uniq_sigmund, uniq_menkaure
D:6:      layout_loops_ring, elyvilon_altar_4, minmay_temple_entry_wispy,
          corexii_item_surrounded_by_moat
D:7:      layout_basic, uniq_joseph
D:8:      layout_basic, minitemple, david_lair_shrubbed, serial_park_tiny_1,
          nicolae_specific_store
D:9:      gammafunk_cloud_chamber, layout_basic, bloody_trog,
          gammafunk_ghost_icy
D:10:     layout_irregular_city
D:11:     layout_roguey, skrybe_limestone_x
D:12:     layout_layer_cave, orc_0_dummy, enter_trove_6
D:13:     layout_gridville, hangedman_vaults_entry_quadrant_bands,
          gauntlet_entry_generic
D:14:     layout_long_grid, minmay_holes, kennysheep_cross_bottleneck
D:15:     hangedman_depths_entry_civil_slaughter, layout_cave_pools,
          corexii_corridor_pit, grunt_ministairs_15, st_stairs_11
Lair:1:   layout_cave_pods, beast_lair_carwin_1
Lair:2:   layout_gridlike, minmay_swamp_entry_swarm, basic_altar
Lair:3:   cheibrodos_lair_river_kwai, layout_loops_ring,
          hellmonk_spider_entry_not_the_bees, st_stairs_7
Lair:4:   layout_roguey, uniq_kirke
Lair:5:   hellmonk_destroyed_diamonds, layout_loops_ring, slime_dummy,
          minivault_26, hangedman_lair_generics_rect, uniq_urug
Lair:6:   hangedman_lair_tendril_chambers, layout_regular_city, wormcave,
          minivault_25, minivault_26, infiniplex_staircase_pool
Swamp:1:  cheibrodos_swamp_monstrosity, layout_basic_swamp, serial_swamp_ruin,
          evilmike_swamp_ruin_house_4, evilmike_swamp_ruin_house_1, swamp_pool4,
          st_swamp_ruins_4
Swamp:2:  layout_basic_swamp, nicolae_swamp_some_circles, uniq_aizul
Swamp:3:  layout_falls_marsh, evilmike_swamp_ruin_rubble_2, swamp_pool3
Swamp:4:  swamp_fiery, layout_basic_swamp
Spider:1: layout_spider_delve, uniq_azrael, uniq_mlioglotl
Spider:2: layout_cave_pods
Spider:3: layout_spider_delve, nicolae_spider_twisty_arc_passages
Spider:4: grunt_spider_rune_circles, special_room [special_room_bee],
          uniq_roxanne
Orc:1:    layout_caves, serial_shops, nicolae_shop_stone
Orc:2:    st_orc_elflike, layout_caves, basic_altar, uniq_maurice
Vaults:1: portal_desolation_entry_nicolae_slug, vaults_room_door_ring,
          nicolae_vaults_sealed_display, nicolae_vaults_alarming,
          vaults_room_mumra_shop_pool, ontoclasm_vaults_misaligned, v_misc_5,
          st_lattice, nicolae_vaults_ring_of_whatevers, vaults_mumra_hexcomb,
          layout_vaults_omnigrid
Vaults:2: st_greater_box_1, v_rooms_3, nicolae_vaults_little_squares_1,
          v_misc_26, vaults_mumra_minichess, ontoclasm_vaults_loading_screen,
          layout_vaults_big_room
Vaults:3: minmay_crypt_entry_necro_gods, v_misc_24, grunt_vaults_funnel,
          vaults_standard_mumra_x, dpeg_vaults_waves, ontoclasm_vaults_shuriken,
          nicolae_vaults_little_squares_2, ontoclasm_vaults_spin,
          hangedman_vaults_stitches, nicolae_vaults_network_star,
          vaults_room_corners, layout_vaults_ring, serial_shops, shop
Vaults:4: v_misc_5, hangedman_vaults_hat, nicolae_vaults_little_squares_4,
          nicolae_vaults_little_squares_6, ontoclasm_vaults_misaligned,
          v_misc_9, vaults_mumra_minichess_inversion, hangedman_vaults_pinch,
          vaults_room_stairs_pillars, vaults_dpeg_hooks,
          nicolae_vaults_rhombus_5, hangedman_vaults_stagger, v_misc_16,
          ontoclasm_vaults_loading_screen, layout_vaults_omnicross,
          serial_shops, nicolae_shop_advertising_works
          [nicolae_subvault_shop_adworks], uniq_saint_roka

Skill      XL: |  1  2  3  4  5  6  7  8  9 10 11 12 13 14 15 16 17 18 19 20 |
---------------+-------------------------------------------------------------+-----
Invocations    | 2 3 4 6 7 8 10 12 14 18 | 18.6
Long Blades    | 3 4 5 6 8 9 13 14 18 20 | 20.0
Fighting       | 9 11 15 20 | 20.0
Armour         | 9 15 20 | 20.0
Dodging        | 4 10 12 | 12.8
Evocations     | 10 | 10.0

Action                   |  1- 3 |  4- 6 |  7- 9 | 10-12 | 13-15 | 16-18 | 19-21 || total
-------------------------+-------+-------+-------+-------+-------+-------+-------++-------
Melee: Falchion          |   112 |   111 |   251 |       |       |       |       ||   474
       Punch             |       |     3 |     3 |       |       |       |       ||     6
       Long sword        |       |       |   219 |   144 |       |       |       ||   363
       Great sword       |       |       |       |   322 |   826 |  1471 |  1056 ||  3675
       Unarmed           |       |       |       |       |     1 |     4 |       ||     5
Throw: Throwing net      |       |     1 |       |     1 |       |     1 |       ||     3
       Dart              |       |       |       |    20 |       |       |       ||    20
Invok: Depart the Abyss  |     1 |       |       |       |       |       |       ||     1
       Bend Space        |       |       |     2 |     2 |       |     1 |     1 ||     6
       Banish            |       |       |       |     1 |     2 |     1 |     1 ||     5
       Corrupt           |       |       |       |       |       |       |     1 ||     1
 Abil: Hop               |       |       |     5 |     7 |     4 |     3 |     3 ||    22
Evoke: Wand              |       |       |       |     6 |       |       |     5 ||    11
       Condenser vane    |       |       |       |       |       |     3 |     4 ||     7
  Use: Scroll            |       |       |    13 |    15 |     6 |     6 |     3 ||    43
       Potion            |       |       |     3 |       |     3 |     3 |     3 ||    12
 Stab: Held in net/web   |       |     2 |       |       |       |       |       ||     2
       Paralysed         |       |       |       |     1 |       |       |       ||     1
       Distracted        |       |       |       |       |     1 |       |       ||     1
       Confused          |       |       |       |       |       |     3 |       ||     3
Armor: Leather armour    |    13 |       |       |       |       |       |       ||    13
       Plate armour      |   101 |    69 |   338 |   296 |   663 |  1764 |   222 ||  3453
       Skin              |       |       |       |       |    14 |     3 |       ||    17
       Crystal plate arm |       |       |       |       |       |       |   796 ||   796
Dodge: Dodged            |    34 |    37 |   157 |   179 |   437 |  1044 |   520 ||  2408
Block: Buckler           |       |       |    29 |    26 |       |       |       ||    55
